 Dungeon Crawl Stone Soup version 0.28.0-43-g3370ac3207 (webtiles) character file.

Game seed: 13603781503628323587

27 Doot the Conjurer (level 2, -4/19 HPs)
             Began as a Mummy Conjurer on Mar 10, 2022.
             Slain by a gnoll
             ... wielding a +0 flail
              (5 damage)
             ... on level 3 of the Dungeon.
             The game lasted 00:01:23 (830 turns).

Doot the Conjurer (Mummy Conjurer)                   Turns: 830, Time: 00:01:23

Health: -4/19      AC:  2    Str: 10    XL:     2   Next: 93%
Magic:  2/6        EV: 12    Int: 17    God:
Gold:   111        SH:  0    Dex: 10    Spells: 4/7 levels left

rFire   x . .      SeeInvis .   b - +0 dagger
rCold   + . .      Faith    .   (no shield)
rNeg    + + +      Spirit   .   a - +0 robe
rPois   ∞          Reflect  .   (no helmet)
rElec   .          Harm     .   (no cloak)
rCorr   .          Rampage  .   (no gloves)
Will    .....                   (no boots)
Stlth   ++........              (no amulet)
HPRegen 0.06/turn               (no ring)
MPRegen 0.10/turn               (no ring)

@: no status effects
A: cold resistance 1, negative energy resistance 3, torment resistance 2, heat
vulnerability 1, no potions
a: no special abilities


You were on level 3 of the Dungeon.
You visited 1 branch of the dungeon, and saw 3 of its levels.

You collected 111 gold pieces.

Inventory:

Hand Weapons
 b - a +0 dagger (weapon)
Missiles
 c - 3 poisoned darts
Armour
 a - a +0 robe (worn)
Scrolls
 d - a scroll of identify {unknown}


   Skills:
 + Level 1.6 Dodging
 + Level 1.6 Stealth
 + Level 3.1 Spellcasting
 + Level 3.9 Conjurations


You had 4 spell levels left.
You knew the following spells:

 Your Spells              Type           Power      Damage    Failure   Level
a - Magic Dart            Conj           60%        1d6       3%          1
b - Searing Ray           Conj           30%        2d5       5%          2

Your spell library contained the following spells:

 Spells                   Type           Power      Damage    Failure   Level
 Dazzling Flash           Conj/Hex       18%        N/A       24%         3
 Fulminant Prism          Conj/Hex       4%         3d6       61%         4
 Iskenderun's Mystic Bla  Conj/Tloc      9%         2d4       61%         4


Dungeon Overview and Level Annotations

Branches:
Dungeon (3/15)

Altars:

Shops:
D:1 *


Innate Abilities, Weirdness & Mutations

You are immune to poison.
Your flesh is cold resistant. (rC+)
You are immune to negative energy. (rN+++)
You are immune to unholy pain and torment.
You are vulnerable to heat. (rF-)
You do not drink.


Message History

Aiming: Searing Ray (safe; 5% risk of failure)
Press: ? - help, Shift-Dir - straight line, f - gnoll
Aim: a gnoll, wielding a +0 flail (79% to hit)
The searing ray misses the gnoll. (Press . to maintain the ray.)
The gnoll hits you with a +0 flail.
Unknown command.
The searing ray hits the gnoll!
The gnoll is almost dead.
The gnoll hits you with a +0 flail.
The searing ray hits the gnoll.
You kill the gnoll!
You start resting.
A gnoll is nearby!
The gnoll shouts!
You hear a shout!
You climb upwards.
There is a stone staircase leading down here.
You start resting.
Magic restored.
You start resting.
HP restored.
You climb downwards.
The gnoll closely misses you. The gnoll hits you with a +0 flail!
There is a stone staircase leading up here.
Casting: Searing Ray (safe; 5% risk of failure)
Confirm with . or Enter, or press ? or * to list all spells.
Aiming: Searing Ray (safe; 5% risk of failure)
Press: ? - help, Shift-Dir - straight line, f - gnoll
Aim: a gnoll, wielding a +0 flail (79% to hit)
The searing ray hits the gnoll.
The gnoll is lightly wounded. (Press . to maintain the ray.)
The gnoll hits you with a +0 flail.
* * * LOW HITPOINT WARNING * * *
The searing ray hits the gnoll!
The gnoll is severely wounded.
The gnoll hits you with a +0 flail.
* * * LOW HITPOINT WARNING * * *
The searing ray misses the gnoll.
The gnoll hits you with a +0 flail.
You die...

### #@# #####+###
#g# #.......# #[#
#.......# #.#
#.......# #†#
#.......# #.#
####.......# #.#
#............
#.###............
#.....g..........


You could see a gnoll.

Vanquished Creatures
  A gnoll (D:3)
  An orc (D:3)
  A ball python (D:1)
  2 bats (D:1)
  An endoplasm (D:1)
  A giant cockroach (D:2)
  3 goblins (D:1)
  A hobgoblin (D:1)
  A frilled lizard (D:3)
  4 rats
16 creatures vanquished.

Notes
Turn   | Place    | Note
-------+----------+-------------------------------------------
     0 | D:1      | Doot the Mummy Conjurer began the quest for the Orb.
     0 | D:1      | Reached XP level 1. HP: 13/13 MP: 4/4
   208 | D:1      | Found Nollal's Assorted Antiques.
   241 | D:1      | Reached XP level 2. HP: 19/19 MP: 1/5
   300 | D:1      | Learned a level 2 spell: Searing Ray
   341 | D:1      | Found a faded altar of an unknown god.
   830 | D:3      | Slain by a gnoll

Illustrated notes

Levels and vault maps discovered:
D:1:      evilmike_arrival_plus, layout_basic,
          hellmonk_ecumenical_altar_run_dry, serial_glass, glass_columns_c,
          glass_columns_c, minmay_strange_pillars, serial_shops, shop_coins,
          serial_bayou_pond_c, moated_statue
D:2:      layout_loops_ring
D:3:      layout_basic, xom_confusion_cloud, kennysheep_nondescript,
          lemuel_another_geyser, uniq_robin

Skill      XL: |  1  2 |
---------------+-------+-----
Spellcasting   | 3 |  3.1
Dodging        | |  1.6
Stealth        | |  1.6
Conjurations   | |  3.9

Action                   || total
-------------------------++-------
Melee: Dagger            ||     3
 Cast: Magic Dart        ||    27
       Searing Ray       ||     4
Armor: Robe              ||     4
Dodge: Dodged            ||    10
